 Dungeon Sprint DCSS version 0.29.1-2-gbd0b4ee654 (webtiles) character file.

Game seed: 6361903980434925191

3080 Zeld the Severer (level 9, -4/136 HPs)
             Began as a Minotaur Berserker on Oct 23, 2022.
             Was an Elder of Trog.
             Killed from afar by a gargoyle (20 damage)
             ... with a stone arrow
             ... in the Dungeon (Sprint I: "Red Sonja").
             The game lasted 00:01:54 (1865 turns).

Zeld the Severer (Minotaur Berserker)               Turns: 1865, Time: 00:01:55

Health: -4/136     AC:  3    Str: 25    XL:     9   Next: 58%
Magic:  8/8        EV: 16    Int:  4    God:    Trog [****..]
Gold:   364        SH:  0    Dex: 11    Spells: 8/8 levels left

rFire   . . .      SeeInvis .   a - +0 hand axe
rCold   . . .      Faith    .   (no shield)
rNeg    . . .      Spirit   .   b - +0 animal skin
rPois   .          Reflect  .   (helmet restricted)
rElec   .          Harm     .   (no cloak)
rCorr   .          Rampage  .   (no gloves)
Will    .....      NoTele   +   (no boots)
Stlth   ..........              (no amulet)
HPRegen 0.32/turn               (no ring)
MPRegen 0.11/turn               (no ring)

@: berserking (expiring), very quick
A: horns 2, retaliatory headbutt
a: Renounce Religion, Berserk, Trog's Hand, Brothers in Arms


You were in the Dungeon.
You worshipped Trog.
Trog was greatly pleased with you.
You visited 1 branch You collected 880 gold pieces.
You spent 516 gold pieces at shops.

Inventory:

Hand Weapons
 a - a +0 hand axe (weapon)
Armour
 b - a +0 animal skin (worn)
Wands
 i - a wand of mindburst (1)
 j - a wand of digging (1)
 n - a wand of charming (9)
Scrolls
 h - a scroll of blinking
 o - 3 scrolls of identify {unknown}
Potions
 c - 4 potions of curing
 d - a potion of heal wounds
 e - a potion of haste
 f - 4 potions of magic
 g - a potion of berserk rage
 k - a potion of ambrosia
 l - a potion of invisibility
 m - 3 potions of mutation
 p - 2 potions of lignification {unknown}
 q - 2 potions of resistance {unknown}


   Skills:
 + Level 12.5 Fighting
 * Level 16.9 Axes
 + Level 12.2 Armour
 + Level 11.3 Dodging


You had 8 spell levels left.
You didn't know any spells.
Your spell library was empty.

Dungeon Overview and Level Annotations

Branches:
Dungeon (1/1)

Altars:
Cheibriados
Dithmenos
Elyvilon
Fedhas
Gozag
Hepliaklqana
Kikubaaqudgha
Makhleb
Nemelex Xobeh
Okawaru
Qazlal
Ru
Sif Muna
Trog
Uskayaw
Vehumet
Wu Jian
Xom
Yredelemnul
Zin
The Shining One
Jiyva
Lugonu

Shops:
D =![


Innate Abilities, Weirdness & Mutations

You have a pair of horns on your head.
You reflexively headbutt those who attack you in melee.


Message History

Your polar bear claws the demonic crawler but does no damage.
The demonic crawler closely misses you. You furiously retaliate!
You headbutt the demonic crawler! The demonic crawler closely misses you.
The demonic crawler misses you.
You slash the demonic crawler!
Your headbutt misses the demonic crawler.
The demonic crawler is almost dead.
Your polar bear bites the demonic crawler!
The demonic crawler dies!
Trog accepts your kill.
Unknown command.
The gargoyle closely misses you.
The demonic crawler completely misses you.
You furiously retaliate!
You headbutt the demonic crawler. The demonic crawler hits you.
The demonic crawler completely misses you.
There is an open door here.
You see here a demonic crawler corpse.
You hit the demonic crawler.
The demonic crawler is moderately wounded.
You hit the gargoyle but do no damage.
Unknown command.
You slash the demonic crawler!
Your headbutt misses the demonic crawler.
The demonic crawler is moderately wounded.
You hit the gargoyle but do no damage.
The demonic crawler hits you but does no damage.
The demonic crawler hits you! x2
* * * LOW HITPOINT WARNING * * *
The gargoyle hits you with a +0 mace!!
* * * LOW HITPOINT WARNING * * *
You hit the demonic crawler. You headbutt the demonic crawler.
The demonic crawler is heavily wounded.
You hit the gargoyle but do no damage.
The demonic crawler shrieks in warning!
Unknown command.
Unknown command.
The gargoyle hurls a stone arrow at you.
The stone arrow hits you!!
You die...

##################
.#..'..#__#..')..#
.').#..'..'..#).@##+#
'#####'#__####..h†s.#
.#...#.####$§#####9.+
##..##(#~~§.c '##
_##'#_.+~~§§ ..
..'.)._#§§§ .°○
_##_.#'##§### #°.°
_###'#[#([.(### °°○#
####.####+###.## ..##


You could see a demonic crawler (catching breath, ally target), a gargoyle and a
friendly polar bear (summoned, berserk).

Vanquished Creatures
  Sonja (D)
  A deep troll (D)
  A demonic crawler (D)
  2 kobold demonologists (D)
  A slime creature (D)
  Sigmund (D)
  A yak (D)
  A floating eye (D)
  An ogre (D)
  A jelly (D)
  Ijyb (D)
12 creatures vanquished.

Vanquished Creatures (collateral kills)
  2 demonic crawlers (D)
2 creatures vanquished.

Vanquished Creatures (others)
  2 ballistomycete spores (D)
2 creatures vanquished.

Grand Total: 16 creatures vanquished

Notes
Turn   | Place    | Note
-------+----------+-------------------------------------------
     0 | D        | Zeld the Minotaur Berserker began the quest for the Orb.
     0 | D        | Reached XP level 1. HP: 19/19 MP: 0/0
     1 | D        | Noticed Ijyb
     7 | D        | HP: 1/28 [disintegration (19)]
     8 | D        | Killed Ijyb
     9 | D        | Reached skill level 5 in Axes
     9 | D        | Reached XP level 2. HP: 2/28 MP: 1/1
   393 | D        | Noticed an ogre
   397 | D        | Killed an ogre
   398 | D        | Reached skill level 7 in Axes
   398 | D        | Reached skill level 5 in Armour
   398 | D        | Reached XP level 3. HP: 37/37 MP: 2/2
   398 | D        | Reached XP level 4. HP: 44/44 MP: 3/3
   508 | D        | Noticed Sigmund
   516 | D        | Killed Sigmund
   516 | D        | Reached ** piety under Trog
   517 | D        | Reached skill level 10 in Axes
   517 | D        | Reached XP level 5. HP: 52/52 MP: 4/4
   517 | D        | Reached XP level 6. HP: 60/60 MP: 5/5
   653 | D        | Found an ornate altar of the Wu Jian Council.
   653 | D        | Found a shimmering blue altar of Sif Muna.
   654 | D        | Found a burning altar of Makhleb.
   654 | D        | Found a viscous altar of Jiyva.
   654 | D        | Found a shimmering altar of Xom.
   654 | D        | Found a corrupted altar of Lugonu.
   654 | D        | Noticed a slime creature
   661 | D        | Killed a slime creature
   662 | D        | Reached skill level 11 in Axes
   714 | D        | Found a radiant altar of Vehumet.
   909 | D        | Found Plog's Distillery.
   909 | D        | Found an ancient bone altar of Kikubaaqudgha.
   909 | D        | Found a hazy altar of Hepliaklqana.
   909 | D        | Found a hide-covered altar of Uskayaw.
   909 | D        | Found a basalt altar of Yredelemnul.
   909 | D        | Found an opulent altar of Gozag.
   909 | D        | Found a snail-covered altar of Cheibriados.
   909 | D        | Found a sacrificial altar of Ru.
   909 | D        | Found a shadowy altar of Dithmenos.
   909 | D        | Noticed a yak
   911 | D        | Found a stormy altar of Qazlal.
   911 | D        | Found a blossoming altar of Fedhas.
   911 | D        | Found a bloodstained altar of Trog.
   911 | D        | Found an iron altar of Okawaru.
   911 | D        | Found a glowing golden altar of the Shining One.
   911 | D        | Found a glowing silver altar of Zin.
   911 | D        | Found a white marble altar of Elyvilon.
   915 | D        | Killed a yak
   916 | D        | Reached skill level 12 in Axes
   916 | D        | Reached XP level 7. HP: 70/70 MP: 6/6
   917 | D        | Found a sparkling altar of Nemelex Xobeh.
   972 | D        | Bought a potion of ambrosia for 96 gold pieces
   972 | D        | Bought a potion of curing for 36 gold pieces
   972 | D        | Bought a potion of invisibility for 96 gold pieces
   972 | D        | Bought a potion of mutation for 96 gold pieces
  1051 | D        | Noticed Sonja
  1055 | D        | Killed Sonja
  1056 | D        | Reached skill level 10 in Fighting
  1056 | D        | Reached skill level 14 in Axes
  1056 | D        | Reached skill level 10 in Armour
  1056 | D        | Reached XP level 8. HP: 62/80 MP: 7/7
  1512 | D        | Found Tyshrotu's Jewellery Boutique.
  1538 | D        | Bought a potion of mutation for 96 gold pieces
  1538 | D        | Bought a potion of mutation for 96 gold pieces
  1546 | D        | Noticed a deep troll
  1552 | D        | Killed a deep troll
  1552 | D        | Reached *** piety under Trog
  1553 | D        | Reached skill level 15 in Axes
  1602 | D        | Found Hiepsus's Armour Emporium.
  1621 | D        | Noticed a centaur warrior
  1754 | D        | Noticed a kobold demonologist
  1754 | D        | Noticed a kobold demonologist
  1761 | D        | Reached skill level 10 in Dodging
  1764 | D        | Killed a kobold demonologist
  1764 | D        | Killed a kobold demonologist
  1764 | D        | Reached **** piety under Trog
  1765 | D        | Reached XP level 9. HP: 90/90 MP: 8/8
  1846 | D        | Noticed a demonic crawler
  1846 | D        | Noticed a demonic crawler
  1846 | D        | Noticed a demonic crawler
  1846 | D        | Noticed a demonic crawler
  1852 | D        | Killed a demonic crawler
  1853 | D        | Reached skill level 16 in Axes
  1856 | D        | Noticed a gargoyle
  1857 | D        | Killed a demonic crawler
  1860 | D        | Killed a demonic crawler
  1865 | D        | Killed from afar by a gargoyle

Illustrated notes

Levels and vault maps discovered:
D:        dungeon_sprint_1 [red_sonja_temple_1, red_sonja_temple_small_1]

Skill      XL: |  1  2  3  4  5  6  7  8  9 |
---------------+----------------------------+-----
Fighting       | 4 6 7 9 10 11 12 | 12.5
Axes           | 5 7 10 12 14 15 16 | 16.9
Armour         | 3 5 7 8 10 11 12 | 12.2
Dodging        | 3 4 6 8 9 10 11 | 11.3

Action                   |  1- 3 |  4- 6 |  7- 9 || total
-------------------------+-------+-------+-------++-------
Melee: Hand axe          |     8 |    24 |    26 ||    58
       Headbutt          |     1 |     7 |     4 ||    12
Invok: Berserk           |     2 |     4 |     3 ||     9
       Brothers in Arms  |       |       |     1 ||     1
Evoke: Wand              |       |     1 |     4 ||     5
Armor: Animal skin       |       |       |     4 ||     4
Dodge: Dodged            |     2 |    12 |    25 ||    39
